 Dungeon Crawl Stone Soup version 0.24.0-7-gb3623d2c88 (webtiles) character file.

Game seed: 12950869399480270825, levelgen mode: classic

11284 EnegeticOcto the Nimble (level 11, -4/77 (78) HPs)
             Began as an Octopode Hunter on Nov 2, 2019.
             Was a Believer of Uskayaw.
             Slain by a dream sheep (18 damage)
             ... on level 3 of the Lair of Beasts.
             The game lasted 00:20:56 (15152 turns).

EnegeticOcto the Nimble (Octopode Hunter)          Turns: 15152, Time: 00:20:56

HP:   -4/77 (78)    AC:  2    Str: 11    XL:     11   Next: 75%
MP:   7/16          EV: 19    Int: 14    God:    Uskayaw [**....]
Gold: 1898          SH:  0    Dex: 16    Spells: 3/10 levels left

rFire    + . .     SeeInvis .   b - +9 dagger (elec)
rCold    . . .     Gourm    .   A - +0 buckler
rNeg     + + +     Faith    .   j - +1 hat of Vlad {rN+++ MR- Stlth+}
rPois    .         Spirit   .   J - amulet of rage
rElec    .         Reflect  .   q - ring of positive energy
rCorr    .         Harm     .   s - ring of protection from fire
MR       .....                  (no ring)
Stlth    ++++++....             (no ring)
HPRegen  0.22/turn              (no ring)
MPRegen  0.15/turn              (no ring)
                                (no ring)
                                (no ring)

@: sleeping
A: almost no armour, stealthy swim, amphibious, 8 rings, constrict 8, camouflage
1, gelatinous body 1
a: Stomp, Line Pass, Renounce Religion, Evoke Berserk Rage


You were on level 3 of the Lair of Beasts.
You worshipped Uskayaw.
Uskayaw was noncommittal.
You were not hungry.

You visited 2 branches of the dungeon, and saw 14 of its levels.
You also visited: Sewer and Bailey.

You collected 1924 gold pieces.
You spent 26 gold pieces at shops.

Inventory:

Hand Weapons
 a - a +1 hunting sling
 b - a +9 dagger of electrocution (weapon)
 y - a cursed +0 mace of distortion
Missiles
 c - 93 sling bullets
 f - 346 stones (quivered)
 m - 43 poisoned darts
 n - 6 javelins
 o - 6 throwing nets {!f}
Armour
 j - the +1 hat of Vlad (worn) {rN+++ MR- Stlth+}
   (You acquired it on level 7 of the Dungeon)

   It renders you almost immune to negative energy.
   It affects your resistance to hostile enchantments.
   It makes you more stealthy.
 A - a +0 buckler (worn)
Jewellery
 q - a ring of positive energy (left tentacle)
 s - a ring of protection from fire (right tentacle)
 J - an amulet of rage (around mantle)
Wands
 D - a wand of scattershot (4)
 F - a wand of acid (7)
 G - a wand of flame (17)
Scrolls
 i - 3 scrolls of blinking {@r4}
 k - 9 scrolls of teleportation {@r3 !r}
 l - 3 scrolls of immolation
 r - a scroll of amnesia
 B - a scroll of remove curse {@r2}
 E - a scroll of fog {!r}
 I - a scroll of fear {!r}
 L - a scroll of enchant armour
 M - a scroll of identify {@r1}
Potions
 d - 2 potions of agility {@q5 !q}
 g - 3 potions of might {@q3 !q}
 h - a potion of lignification {@q6}
 p - 2 potions of heal wounds {@q2 !q}
 t - 3 potions of brilliance
 u - a potion of magic
 v - 3 potions of flight
 w - 7 potions of curing {@q1 !q}
 z - 2 potions of cancellation
 C - a potion of ambrosia
 H - a potion of berserk rage
 K - 2 potions of invisibility
Comestibles
 e - 29 rations
 x - 5 chunks of flesh


   Skills:
 + Level 8.6 Fighting
 + Level 7.7 Short Blades
 - Level 4.0 Slings
 + Level 8.6 Dodging
 - Level 8.0 Stealth
 + Level 2.8 Shields
 - Level 5.1 Hexes
 + Level 7.7 Invocations
 + Level 4.6 Evocations


You had 3 spell levels left.
You knew the following spells:

 Your Spells              Type           Power        Failure   Level  Hunger
a - Confuse               Hex            ##......     12%         3    ####...
c - Confusing Touch       Hex            ##....       4%          1    ##.....
T - Regeneration          Chrm/Necr      #.........   69%         3    ####...

Your spell library contained the following spells:

 Spells                   Type           Power        Failure   Level  Hunger
 Animate Skeleton         Necr           N/A          32%         1    ##.....
 Flame Tongue             Conj/Fire      #....        32%         1    ##.....
 Pain                     Necr           #...         32%         1    ##.....
 Sting                    Conj/Pois      #...         32%         1    ##.....
 Inner Flame              Hex/Fire       #.......     34%         3    ####...
 Poisonous Vapours        Pois/Air       #.....       45%         2    ###....
 Throw Flame              Conj/Fire      #.....       45%         2    ###....
 Conjure Flame            Conj/Fire      #.......     69%         3    ####...
 Gell's Gravitas          Tloc           #.........   69%         3    ####...
 Mephitic Cloud           Conj/Pois/Air  #.......     69%         3    ####...
 Vampiric Draining        Necr           #.........   69%         3    ####...
 Cause Fear               Hex            ##........   38%         4    #####..
 Animate Dead             Necr           N/A          97%         4    #####..
 Olgreb's Toxic Radiance  Pois           #.......     97%         4    #####..
 Petrify                  Tmut/Erth      #.......     97%         4    #####..
 Sticky Flame             Conj/Fire      #.......     97%         4    #####..
 Metabolic Englaciation   Hex/Ice        #.........   97%         5    ######.
 Silence                  Hex/Air        #.........   97%         5    ######.
 Yara's Violent Unravell  Hex/Tmut       #.........   97%         5    ######.
 Fireball                 Conj/Fire      #.........   100%        5    ######.
 Venom Bolt               Conj/Pois      #.........   100%        5    ######.
 Deflect Missiles         Chrm/Air       #.........   100%        6    #######
 Discord                  Hex            ##........   100%        8    #######


Dungeon Overview and Level Annotations

Branches:
Dungeon (11/15)            Temple (0/1) D:7            Lair (3/6) D:9
 Spider (0/4) Lair:2        Sewer (visited)          Bailey (visited)
  Swamp: Lair:2-4    Shoals: Lair:2-4       Orc: D:9-12

Altars:
Ashenzari
Cheibriados
Dithmenos
Hepliaklqana
Okawaru
Sif Muna
Uskayaw
Vehumet
Wu Jian
The Shining One

Shops:
D:6 *   D:8 [

Annotations:
D:1 exclusion: downstairs
Lair:2 1 exclusion


Innate Abilities, Weirdness & Mutations

You cannot wear most types of armour.
You are very stealthy in the water. (Stealth+)
You are amphibious.
You can wear up to eight rings at the same time.
You can use your tentacles to constrict eight enemies at once.
Your skin changes colour to match your surroundings (Stealth+).
Your rubbery body absorbs attacks. (AC +1, EV +1)


Message History

The helpless dream sheep fails to defend itself.
You stick the dream sheep like a pincushion!!!
Lightning courses through the dream sheep!
You kill the dream sheep!
Uskayaw will force your foes to share their pain.
You see here a dream sheep corpse.
You completely miss the dream sheep.
The dream sheep bleats!
You grab the dream sheep. You constrict the dream sheep.
You puncture the dream sheep!
Lightning courses through the dream sheep!
You kill the dream sheep!
No target in view!
No target in view!
You can no longer pass through a line of other dancers.
HP restored.
You butcher the dream sheep corpse.
x - 4 chunks of flesh You see here a dream sheep skeleton. x2
You butcher the dream sheep corpse.
x - 5 chunks of flesh (gained 1)
You see here a dream sheep skeleton. x2
M - a scroll of identify {@r1}
f - 346 stones (gained 1)
A wolf spider comes into view.
Found a hole to the Spider Nest.
A wolf spider is nearby!
Press: ? - help, v - describe, . - travel The floor.
Placed new exclusion.
Partly explored, can't reach some places.
Partly explored, can't reach some places.
(D) Dungeon (T) Temple (L) Lair (N) Spider Nest
Where to? (Enter - Lair:1 @ (x,y), ? - help)
There is a stone staircase leading down here.
You climb downwards. 7 dream sheep come into view.
Found a ration, a scale mail and 4 silver javelins.
Found a stone staircase leading up.
There is a stone staircase leading up here.
The dream sheep barely misses you.
The dream sheep bleats! x2
You hit the dream sheep. You grab the dream sheep.
The dream sheep is lightly wounded.
You constrict the dream sheep, but do no damage.
The dream sheep bleats! x3
You hit the dream sheep.
The dream sheep is moderately wounded.
You constrict the dream sheep. The dream sheep bites you!
You block the dream sheep's attack.
The dream sheep ruffle their wool and motes of dream dust sparkle, to no effect.
The dream sheep completely misses you.
You puncture the dream sheep! You grab the dream sheep.
The dream sheep is moderately wounded.
You constrict the dream sheep, but do no damage.
You constrict the dream sheep.
You are overwhelmed by glittering dream dust!
You feel drowsy...
You fall asleep.
You lose your grip on the dream sheep. x2
You can now pass through a line of other dancers.
The dream sheep misses you. The dream sheep completely misses you.
The dream sheep bites you!
You wake up.
The dream sheep bites you but does no damage.
You stomp with the beat, sending a shockwave through the revelers around you!
The dream sheep is severely wounded.
The dream sheep is moderately wounded. x2
The dream sheep is severely wounded.
The dream sheep is almost dead.
You feel somewhat more hungry.
You can no longer pass through a line of other dancers.
The dream sheep misses you. x2; You block the dream sheep's attack.
You can now pass through a line of other dancers.
You stomp with the beat, sending a shockwave through the revelers around you!
The dream sheep is almost dead.
You kill the dream sheep!
The dream sheep is heavily wounded.
The dream sheep is severely wounded.
The dream sheep is heavily wounded.
You kill the dream sheep!
You feel somewhat more hungry.
You can no longer pass through a line of other dancers.
You block the dream sheep's attack. The dream sheep bites you! x3
You can now pass through a line of other dancers.
You stomp with the beat, sending a shockwave through the revelers around you!
You kill the dream sheep!
The dream sheep is severely wounded.
You kill the dream sheep!
The dream sheep is severely wounded.
The dream sheep is moderately wounded.
You feel somewhat more hungry.
You can no longer pass through a line of other dancers.
The dream sheep bites you.
* * * LOW HITPOINT WARNING * * *
The dream sheep bites you!
* * * LOW HITPOINT WARNING * * *
The dream sheep shake their wool and sparkle.
You feel drowsy...
You fall asleep.
You can now pass through a line of other dancers.
The dream sheep bites you!!
You die...

..(..
...[.#
..%...###
#......#
#......##
#P..<...##
#...YY†.##
#.†@<..#
#.Y†....P#
####.....#
#......#
###......
#.....
#.... ....


You could see 3 dream sheep.

Vanquished Creatures
  A two-headed ogre (D:10)
  Nergalle (Lair:2)
  A black mamba (Lair:1)
  A spiny frog (Lair:1)
  A komodo dragon (Lair:1)
  4 hippogriffs
  9 dream sheep
  A spriggan (D:8)
  A wyvern (Lair:1)
  3 yaks (Lair:1)
  A basilisk (Lair:2)
  Edmund (D:4)
  4 water moccasins
  3 porcupines
  3 orc warriors
  2 ogres
  An ice beast (D:7)
  A sky beast (D:7)
  3 necrophages
  3 wolves (Lair:2)
  7 centaurs
  3 crocodiles
  3 big kobolds
  7 bullfrogs
  A water moccasin zombie (D:6)
  8 gnoll sergeants (Bailey)
  2 scorpions
  3 wights (D:8)
  6 crimson imps
  2 centaur zombies
  5 hounds
  6 gnoll shamans (Bailey)
  6 orc wizards
  6 orc priests
  2 jellies
  A bullfrog skeleton (D:5)
  4 iguanas
  A centaur skeleton (D:7)
  Ijyb (D:4)
  9 worker ants
  4 hound skeletons
  14 gnolls (Bailey)
  2 river rats (D:5)
  18 adders
  2 howler monkey skeletons
  4 shadow imps
  2 oozes
  2 adder skeletons
  5 worms
  2 dart slugs
  7 leopard geckos
  31 orcs
  4 ball pythons
  7 giant cockroaches
  3 goblins (D:1)
  7 hobgoblins
  9 jackals
  3 quokkas
  A ball python skeleton (D:5)
  7 bats
  6 frilled lizards
  19 kobolds
  11 rats
298 creatures vanquished.

Notes
Turn   | Place    | Note
-------+----------+-------------------------------------------
     0 | D:1      | EnegeticOcto the Octopode Hunter began the quest for the
                  | Orb.
     0 | D:1      | Reached XP level 1. HP: 14/14 MP: 1/1
   213 | D:1      | Reached XP level 2. HP: 12/19 MP: 2/2
   592 | D:1      | Reached XP level 3. HP: 25/25 MP: 3/3
  1250 | D:2      | Reached XP level 4. HP: 31/31 MP: 4/4
  1741 | D:2      | Found an iron altar of Okawaru.
  1832 | D:2      | Reached XP level 5. HP: 32/36 MP: 5/5
  1933 | D:2      | Found a snail-covered altar of Cheibriados.
  2644 | D:3      | Found a shadowy altar of Dithmenos.
  2647 | D:3      | Found a radiant altar of Vehumet.
  2650 | D:3      | Found a hide-covered altar of Uskayaw.
  2654 | D:3      | Became a worshipper of Uskayaw the Reveler
  2679 | D:3      | Reached * piety under Uskayaw
  3025 | D:4      | Noticed Ijyb
  3038 | D:4      | Reached ** piety under Uskayaw
  3054 | D:4      | Killed Ijyb
  3112 | D:4      | Reached skill level 1 in Short Blades
  3112 | D:4      | Reached XP level 6. HP: 37/43 MP: 6/6
  3190 | D:4      | Reached *** piety under Uskayaw
  3197 | D:4      | Reached skill level 5 in Stealth
  3197 | D:4      | Reached **** piety under Uskayaw
  3378 | D:4      | Found a glowing golden altar of the Shining One.
  3517 | D:4      | Noticed Edmund
  3569 | D:4      | Killed Edmund
  3569 | D:4      | Reached XP level 7. HP: 36/48 MP: 7/7
  4324 | D:5      | Entered Level 5 of the Dungeon
  4384 | D:5      | Found a glowing drain.
  4410 | Sewer    | Entered a sewer
  4560 | Sewer    | Reached skill level 1 in Invocations
  5014 | D:5      | Reached XP level 8. HP: 37/54 MP: 9/9
  5145 | D:5      | Reached skill level 5 in Fighting
  5339 | D:5      | Reached skill level 5 in Dodging
  6260 | D:6      | Found Ucwude's General Store.
  6270 | D:6      | Bought a scroll of identify for 26 gold pieces
  6603 | D:6      | Learned a level 1 spell: Confusing Touch
  6608 | D:6      | Found a shimmering blue altar of Sif Muna.
  6763 | D:6      | Found an ornate altar of the Wu Jian Council.
  6831 | D:7      | Reached skill level 1 in Hexes
  6993 | D:7      | Reached XP level 9. HP: 59/62 MP: 11/11
  7813 | D:7      | Found a staircase to the Ecumenical Temple.
  8224 | D:7      | Reached skill level 5 in Short Blades
  8407 | D:7      | Learned a level 3 spell: Confuse
  8411 | D:7      | Learned a level 3 spell: Regeneration
  8415 | D:7      | Identified a scroll of acquirement
  8416 | D:7      | Got a warped hat
  8422 | D:7      | Identified the +1 hat of Vlad {rN+++ MR- Stlth+} (You
                  | acquired it on level 7 of the Dungeon)
  8599 | D:8      | Found a flagged portal.
  8608 | Bailey   | Entered a bailey
  9239 | Bailey   | Reached skill level 5 in Invocations
  9576 | Bailey   | Reached XP level 10. HP: 69/69 MP: 13/13
 10018 | D:8      | Found Plog's Armour Boutique.
 10427 | D:9      | Found a staircase to the Lair.
 10792 | D:9      | Found a hazy altar of Hepliaklqana.
 11162 | D:9      | Found a shattered altar of Ashenzari.
 11264 | D:10     | Entered Level 10 of the Dungeon
 11752 | D:10     | Reached skill level 1 in Evocations
 11878 | D:10     | Noticed a two-headed ogre
 11897 | D:10     | Killed a two-headed ogre
 11897 | D:10     | Reached skill level 5 in Hexes
 12526 | Lair:1   | Entered Level 1 of the Lair of Beasts
 12665 | Lair:1   | Noticed a spiny frog
 12802 | Lair:1   | Killed a spiny frog
 12802 | Lair:1   | Reached XP level 11. HP: 76/76 MP: 14/16
 12811 | Lair:1   | Reached ***** piety under Uskayaw
 13587 | Lair:1   | Reached skill level 1 in Shields
 14268 | Lair:2   | Noticed Nergalle
 14396 | Lair:2   | Killed Nergalle
 15079 | Lair:2   | Found a hole to the Spider Nest.
 15079 | Lair:2   | Noticed a wolf spider
 15152 | Lair:3   | Slain by a dream sheep

Levels and vault maps discovered:
D:1:      grunt_arrival_crossed_arrows, layout_loops_ring
D:2:      layout_loops_ring, cheibriados_altar_1,
          nicolae_overflow_hidden_temple, nrook_loot_triangle
D:3:      layout_basic, grunt_temple_overflow_diamond
D:4:      minmay_spotlight, layout_cave_pools, nicolae_tso_carved_into_rock,
          first_ration, grunt_decor_cap, uniq_edmund, uniq_ijyb
D:5:      layout_cave_pools, portal_sewer_entry_b, minmay_misc_feat_rows,
          abandoned_shop
D:6:      layout_loops_ring, lemuel_blue_sif_altar, kennysheep_little_box,
          serial_shops, nicolae_shop_temple_entry_statues_fountains,
          minmay_misc_feat_square
D:7:      layout_rooms, minmay_temple_entry_fiery, kennysheep_path_1
D:8:      layout_basic, serial_shops, nicolae_shop_stone, enter_bailey_2,
          the_bakery, corexii_hall_statues_deadend, nicolae_benzene_ring
D:9:      layout_stronghold, lemuel_coloured_pillars_altar, lemuel_doored_altar,
          lair_entry_dummy
D:10:     layout_roguey, dk_vineyard_3
D:11:     layout_irregular_city
Lair:1:   layout_gridlike
Lair:2:   layout_gridlike, spider_nest_entry_funnel_web, uniq_nergalle
Lair:3:   layout_hall_layers, elwin_shoals_entry_rocks

Skill      XL: |  1  2  3  4  5  6  7  8  9 10 11 |
---------------+----------------------------------+-----
Stealth        | 2 3 4 5 6 7 8 |  8.0
Fighting       | 3 4 5 6 7 8 |  8.6
Dodging        | 3 4 5 6 7 8 |  8.6
Short Blades   | 1 2 3 4 5 6 7 |  7.7
Invocations    | 1 3 5 6 7 |  7.7
Hexes          | 1 3 5 |  5.1
Evocations     | 2 4 |  4.6
Shields        | 2 |  2.8
Slings         | |  4.0

Action                   |  1- 3 |  4- 6 |  7- 9 | 10-12 || total
-------------------------+-------+-------+-------+-------++-------
Melee: Short sword       |    70 |    88 |       |       ||   158
       Tentacles         |    11 |    22 |    40 |    35 ||   108
       Constrict         |    14 |    26 |    42 |    30 ||   112
       Unarmed           |       |    12 |       |       ||    12
       Dagger            |       |     7 |   252 |   184 ||   443
 Fire: Hunting sling     |       |    19 |   202 |    60 ||   281
Throw: Stone             |       |       |       |     2 ||     2
Invok: Stomp             |       |     1 |     6 |     3 ||    10
  Use: Potion            |     3 |     6 |     1 |       ||    10
       Scroll            |       |     2 |    22 |     7 ||    31
 Stab: Sleeping          |    10 |     6 |    25 |    29 ||    70
       Paralysed         |       |     3 |     5 |     9 ||    17
       Distracted        |       |       |     1 |     2 ||     3
  Eat: Chunk             |     1 |     7 |    16 |    16 ||    40
       Ration            |       |       |     1 |     1 ||     2
Armor: Skin              |     7 |    46 |     6 |     2 ||    61
Dodge: Dodged            |    40 |    70 |   170 |    92 ||   372
Block: Buckler           |       |       |       |     8 ||     8
